TOP OF THE 1ST |
Boston Rebels batting - Pitching for Niagara Falls Frenzy : RHP Luis López
|
Pitching: RHP Luis López
|
|
Batting: LHB Ricardo Brandariz
|
0-0: Bunt for hit - play at first, batter OUT! 1-3
|
Batting: LHB Stanley Mullins
|
0-0: Called Strike 0-1: Ball 1-1: Ground out 6-3 (Groundball, 6)
|
Batting: RHB Clancy Booker
|
0-0: Ball 1-0: Ball 2-0: Ball 3-0: Called Strike 3-1: Foul Ball, location: 2F 3-2: Foul Ball, location: 2F 3-2: Ground out 1-3 (Groundball, 25)
|
Top of the 1st over - 0 run(s), 0 hit(s), 0 error(s), 0 left on base; Boston 0 - Niagara Falls 0 |
BOTTOM OF THE 1ST |
Niagara Falls Frenzy batting - Pitching for Boston Rebels : RHP Martín Ramírez
|
Pitching: RHP Martín Ramírez
|
|
Batting: SHB Martín De Jesús
|
0-0: Ball 1-0: Ball 2-0: Ball 3-0: Base on Balls
|
Batting: LHB Clyde Yarbrough
|
0-0: Ball 1-0: Ball 2-0: SINGLE (Line Drive, 34D) Martín De Jesús to second
|
Batting: LHB Dante Owens
|
0-0: Ball 1-0: Ball 2-0: Foul Ball, location: 2F 2-1: Ball 3-1: Swinging Strike 3-2: Grounds into double play, 4-6-3 (Groundball, 34) Martín De Jesús to third
|
Batting: RHB Lawrence Schroeder
|
0-0: Fly out, F4 (Popup, 34)
|
Bottom of the 1st over - 0 run(s), 1 hit(s), 0 error(s), 1 left on base; Boston 0 - Niagara Falls 0 |
TOP OF THE 2ND |
Boston Rebels batting - Pitching for Niagara Falls Frenzy : RHP Luis López
|
Batting: LHB Lorenzo Flores
|
0-0: Ball 1-0: Ball 2-0: Ball 3-0: Called Strike 3-1: Swinging Strike 3-2: Strikes out swinging
|
Batting: SHB Javier Villegas
|
0-0: Ball 1-0: Swinging Strike 1-1: Foul Ball, location: 2F 1-2: Ball 2-2: Ball 3-2: Strikes out swinging
|
Batting: LHB Jeff Gordon
|
0-0: Called Strike 0-1: Swinging Strike 0-2: Ball 1-2: Strikes out swinging
|
Top of the 2nd over - 0 run(s), 0 hit(s), 0 error(s), 0 left on base; Boston 0 - Niagara Falls 0 |
BOTTOM OF THE 2ND |
Niagara Falls Frenzy batting - Pitching for Boston Rebels : RHP Martín Ramírez
|
Batting: LHB Bill Hall
|
0-0: Called Strike 0-1: Ground out U3 (Groundball, 3S)
|
Batting: RHB Ángel Hinojosa
|
0-0: Ground out 5-3 (Groundball, 5)
|
Batting: RHB Zander Tremblett
|
0-0: Ball 1-0: Called Strike 1-1: Foul Ball, location: 2F 1-2: Fly out, F9 (Flyball, 9D)
|
Bottom of the 2nd over - 0 run(s), 0 hit(s), 0 error(s), 0 left on base; Boston 0 - Niagara Falls 0 |
TOP OF THE 3RD |
Boston Rebels batting - Pitching for Niagara Falls Frenzy : RHP Luis López
|
Batting: RHB Ronnie Brown
|
0-0: Swinging Strike 0-1: Swinging Strike 0-2: SINGLE (Groundball, 4MD)
|
Batting: LHB Tony Ramírez
|
0-0: Called Strike 0-1: Foul Ball, location: 2F 0-2: Ball 1-2: Fly out, F6 (Line Drive, 6M)
|
Batting: RHB Rubén Matos
|
0-0: SINGLE (Groundball, 23) (infield hit) Ronnie Brown to second
|
Batting: LHB Ricardo Brandariz
|
0-0: Ball 1-0: Fielders Choice at 2nd, 3-6 (Groundball, 3) Ronnie Brown to third
|
Batting: LHB Stanley Mullins
|
0-0: Ball 1-0: Ball 2-0: Ball 3-0: SINGLE (Groundball, 6D) Ronnie Brown scores Ricardo Brandariz to second
|
Batting: RHB Clancy Booker
|
0-0: Fly out, F8 (Flyball, 8RXD)
|
Top of the 3rd over - 1 run(s), 3 hit(s), 0 error(s), 2 left on base; Boston 1 - Niagara Falls 0 |
BOTTOM OF THE 3RD |
Niagara Falls Frenzy batting - Pitching for Boston Rebels : RHP Martín Ramírez
|
Batting: RHB Keitaro Suzuki
|
0-0: Ball 1-0: Ball 2-0: Foul Ball, location: 2F 2-1: TRIPLE (Line Drive, 9LS)
|
Batting: RHB Santiago Zambrano
|
0-0: Ground out 4-3 (Groundball, 4) Keitaro Suzuki scores
|
Batting: SHB Martín De Jesús
|
0-0: Ball 1-0: Foul Ball, location: 2F 1-1: Swinging Strike 1-2: Strikes out swinging
|
Batting: LHB Clyde Yarbrough
|
0-0: Ball 1-0: Ball 2-0: Ball 3-0: Base on Balls
|
Batting: LHB Dante Owens
|
0-0: Ball Clyde Yarbrough is caught stealing 2nd base
|
Bottom of the 3rd over - 1 run(s), 1 hit(s), 0 error(s), 0 left on base; Boston 1 - Niagara Falls 1 |
TOP OF THE 4TH |
Boston Rebels batting - Pitching for Niagara Falls Frenzy : RHP Luis López
|
Batting: LHB Lorenzo Flores
|
0-0: Foul Ball, location: 2F 0-1: Fly out, F9 (Flyball, 9D)
|
Batting: SHB Javier Villegas
|
0-0: Called Strike 0-1: Foul Ball, location: 2F 0-2: Ball 1-2: Strikes out looking
|
Batting: LHB Jeff Gordon
|
0-0: Called Strike 0-1: Ground out 1-3 (Groundball, 13S)
|
Top of the 4th over - 0 run(s), 0 hit(s), 0 error(s), 0 left on base; Boston 1 - Niagara Falls 1 |
BOTTOM OF THE 4TH |
Niagara Falls Frenzy batting - Pitching for Boston Rebels : RHP Martín Ramírez
|
Batting: LHB Dante Owens
|
0-0: Ball 1-0: Ball 2-0: Fly out, F7 (Popup, 5D)
|
Batting: RHB Lawrence Schroeder
|
0-0: TRIPLE (Flyball, 89XD)
|
Batting: LHB Bill Hall
|
0-0: Ball 1-0: Ball 2-0: Ball 3-0: Called Strike 3-1: Base on Balls
|
Batting: RHB Ángel Hinojosa
|
0-0: Grounds into double play, 6-4-3 (Groundball, 6)
|
Bottom of the 4th over - 0 run(s), 1 hit(s), 0 error(s), 1 left on base; Boston 1 - Niagara Falls 1 |
TOP OF THE 5TH |
Boston Rebels batting - Pitching for Niagara Falls Frenzy : RHP Luis López
|
Batting: RHB Ronnie Brown
|
0-0: Ball 1-0: Called Strike 1-1: Ball 2-1: Foul Ball, location: 2F 2-2: Ground out 5-3 (Groundball, 56)
|
Batting: LHB Tony Ramírez
|
0-0: Ball 1-0: Called Strike 1-1: Ground out 4-3 (Groundball, 34D)
|
Batting: RHB Rubén Matos
|
0-0: Swinging Strike 0-1: Called Strike 0-2: Ball 1-2: Ground out 1-3 (Groundball, 23)
|
Top of the 5th over - 0 run(s), 0 hit(s), 0 error(s), 0 left on base; Boston 1 - Niagara Falls 1 |
BOTTOM OF THE 5TH |
Niagara Falls Frenzy batting - Pitching for Boston Rebels : RHP Martín Ramírez
|
Batting: RHB Zander Tremblett
|
0-0: Ground out 4-3 (Groundball, 4)
|
Batting: RHB Keitaro Suzuki
|
0-0: Called Strike 0-1: Ball 1-1: Ball 2-1: SOLO HOME RUN (Flyball, 7D), Distance : 379 ft
|
Batting: RHB Santiago Zambrano
|
0-0: Ball 1-0: Ball 2-0: SINGLE (Flyball, 9S)
|
Batting: SHB Martín De Jesús
|
0-0: Ball Santiago Zambrano steals 2nd base 1-0: Called Strike 1-1: Fly out, F6 (Popup, 56)
|
Batting: LHB Clyde Yarbrough
|
0-0: Foul Ball, location: 2F 0-1: Ball 1-1: Ball 2-1: Swinging Strike 2-2: Foul Ball, location: 2F 2-2: SINGLE (Groundball, 6MD) Santiago Zambrano to third Runner from 3rd tries for Home, SAFE, no throw or cutoff
|
Batting: LHB Dante Owens
|
0-0: Called Strike 0-1: Foul Ball, location: 2F 0-2: Foul Ball, location: 2F 0-2: Ball 1-2: Ball 2-2: Ground out 4-3 (Groundball, 34)
|
Bottom of the 5th over - 2 run(s), 3 hit(s), 0 error(s), 1 left on base; Boston 1 - Niagara Falls 3 |
TOP OF THE 6TH |
Boston Rebels batting - Pitching for Niagara Falls Frenzy : RHP Luis López
|
Batting: LHB Ricardo Brandariz
|
0-0: Ground out 3-1 (Groundball, 34S)
|
Batting: LHB Stanley Mullins
|
0-0: Foul Ball, location: 2F 0-1: Ball 1-1: Swinging Strike 1-2: Ball 2-2: Ground out 1-3 (Groundball, 34S)
|
Batting: RHB Clancy Booker
|
0-0: Ball 1-0: Ground out 5-3 (Groundball, 56)
|
Top of the 6th over - 0 run(s), 0 hit(s), 0 error(s), 0 left on base; Boston 1 - Niagara Falls 3 |
BOTTOM OF THE 6TH |
Niagara Falls Frenzy batting - Pitching for Boston Rebels : RHP Martín Ramírez
|
Batting: RHB Lawrence Schroeder
|
0-0: Called Strike 0-1: Fly out, F3 (Popup, 3)
|
Batting: LHB Bill Hall
|
0-0: Ball 1-0: Ground out 4-3 (Groundball, 34)
|
Batting: RHB Ángel Hinojosa
|
0-0: Foul Ball, location: 2F 0-1: Ball 1-1: Ball 2-1: Called Strike 2-2: Ball 3-2: Base on Balls
|
Batting: RHB Zander Tremblett
|
0-0: Ball Ángel Hinojosa steals 2nd base 1-0: Ball 2-0: Ball 3-0: Foul Ball, location: 2F 3-1: Foul Ball, location: 2F 3-2: Base on Balls
|
Batting: RHB Keitaro Suzuki
|
0-0: Called Strike 0-1: Fly out, F9 (Flyball, 9LM)
|
Bottom of the 6th over - 0 run(s), 0 hit(s), 0 error(s), 2 left on base; Boston 1 - Niagara Falls 3 |
TOP OF THE 7TH |
Boston Rebels batting - Pitching for Niagara Falls Frenzy : RHP Luis López
|
Batting: LHB Lorenzo Flores
|
0-0: SINGLE (Flyball, 4MD)
|
Batting: SHB Javier Villegas
|
0-0: Ball 1-0: Called Strike 1-1: Swinging Strike 1-2: Ball 2-2: Fly out, F4 (Popup, 4M)
|
Batting: LHB Jeff Gordon
|
0-0: Called Strike 0-1: Ball 1-1: Fly out, F8 (Flyball, 8LM)
|
Batting: RHB Ronnie Brown
|
0-0: Called Strike 0-1: Foul Ball, location: 2F 0-2: Ball 1-2: Fly out, F8 (Line Drive, 6MD)
|
Top of the 7th over - 0 run(s), 1 hit(s), 0 error(s), 1 left on base; Boston 1 - Niagara Falls 3 |
BOTTOM OF THE 7TH |
Niagara Falls Frenzy batting - Pitching for Boston Rebels : RHP Martín Ramírez
|
Batting: RHB Santiago Zambrano
|
0-0: Ground out 6-3 (Groundball, 6)
|
Batting: SHB Martín De Jesús
|
0-0: Ball 1-0: Ground out 4-3 (Groundball, 4M)
|
Batting: LHB Clyde Yarbrough
|
0-0: Ball 1-0: Ball 2-0: Ball 3-0: Called Strike 3-1: Swinging Strike 3-2: Ground out 4-3 (Groundball, 4)
|
Bottom of the 7th over - 0 run(s), 0 hit(s), 0 error(s), 0 left on base; Boston 1 - Niagara Falls 3 |
TOP OF THE 8TH |
Boston Rebels batting - Pitching for Niagara Falls Frenzy : RHP Luis López
|
Batting: LHB Tony Ramírez
|
0-0: Ball 1-0: SINGLE (Line Drive, 4D)
|
Batting: RHB Rubén Matos
|
0-0: Ball 1-0: Ground out 4-3 (Groundball, 4M) Tony Ramírez to second
|
Batting: LHB Ricardo Brandariz
|
0-0: Ball 1-0: Ball 2-0: Ball 3-0: Called Strike 3-1: 2-RUN HOME RUN (Flyball, 9D), Distance : 397 ft
|
Batting: LHB Stanley Mullins
|
0-0: Ball 1-0: Ball 2-0: Foul Ball, location: 2F 2-1: Ground out 6-3 (Groundball, 6)
|
Batting: RHB Clancy Booker
|
0-0: Ball 1-0: Ball 2-0: Ground out 6-3 (Groundball, 6)
|
Top of the 8th over - 2 run(s), 2 hit(s), 0 error(s), 0 left on base; Boston 3 - Niagara Falls 3 |
BOTTOM OF THE 8TH |
Niagara Falls Frenzy batting - Pitching for Boston Rebels : RHP Martín Ramírez
|
Pitching: RHP Mark MacGruder
|
|
Batting: LHB Dante Owens
|
0-0: Swinging Strike 0-1: Ball 1-1: Ball 2-1: Foul Ball, location: 2F 2-2: Ball 3-2: Foul Ball, location: 2F 3-2: Foul Ball, location: 2F 3-2: Foul Ball, location: 2F 3-2: SINGLE (Line Drive, 7S)
|
Batting: RHB Lawrence Schroeder
|
0-0: Ball 1-0: Ball 2-0: Called Strike 2-1: Ground out U3 (Groundball, 3S) Dante Owens to second
|
Batting: LHB Bill Hall
|
0-0: Ball 1-0: Swinging Strike 1-1: Ball 2-1: Ball 3-1: Foul Ball, location: 2F 3-2: Base on Balls
|
Batting: RHB Ángel Hinojosa
|
0-0: Called Strike Dante Owens is caught stealing 3rd base Bill Hall to second 0-1: Foul Ball, location: 2F 0-2: DOUBLE (Line Drive, 78S) Bill Hall scores
|
Batting: RHB Zander Tremblett
|
0-0: SINGLE (Line Drive, 8LS) Ángel Hinojosa to third Runner from 3rd tries for Home, SAFE, no throw or cutoff
|
Pitching: RHP Dorian Hoskins
|
|
Batting: RHB Keitaro Suzuki
|
0-0: Fly out, F9 (Flyball, 89D)
|
Bottom of the 8th over - 2 run(s), 3 hit(s), 0 error(s), 1 left on base; Boston 3 - Niagara Falls 5 |
TOP OF THE 9TH |
Boston Rebels batting - Pitching for Niagara Falls Frenzy : RHP Luis López
|
Pitching: RHP Esteban Juárez
|
|
Batting: LHB Lorenzo Flores
|
0-0: Ball 1-0: Called Strike 1-1: Called Strike 1-2: Strikes out swinging
|
Batting: SHB Javier Villegas
|
0-0: Swinging Strike 0-1: Foul Ball, location: 2F 0-2: Ball 1-2: Ball 2-2: Foul Ball, location: 2F 2-2: Ground out 4-3 (Groundball, 34)
|
Batting: LHB Jeff Gordon
|
0-0: Called Strike 0-1: SINGLE (Line Drive, 6M)
|
Batting: RHB Ronnie Brown
|
0-0: Fly out, F8 (Flyball, 89M)
|
Top of the 9th over - 0 run(s), 1 hit(s), 0 error(s), 1 left on base; Boston 3 - Niagara Falls 5 |
|